 Dungeon Crawl Stone Soup version 0.27-a0-1119-gbf574a6a6b (webtiles) character file.

Game seed: 10180333964072272773

182 Zeld the Skirmisher (level 5, -4/37 HPs)
             Began as an Octopode Fighter on May 2, 2021.
             Slain by Crazy Yiuf
             ... wielding a +4 quarterstaff of chaos
              (5 damage)
             ... on level 4 of the Dungeon.
             The game lasted 00:03:03 (3466 turns).

Zeld the Skirmisher (Octopode Fighter)              Turns: 3466, Time: 00:03:05

Health: -4/37      AC:  1    Str: 17    XL:     5   Next: 62%
Magic:  5/5        EV: 11    Int: 10    God:
Gold:   198        SH:  9    Dex: 11    Spells: 4/4 levels left

rFire    . . .     SeeInvis .   a - +0 war axe
rCold    . . .     Faith    .   b - +0 kite shield
rNeg     . . .     Spirit   .   (helmet restricted)
rPois    .         Reflect  .   (no amulet)
rElec    .         Harm     .   (no ring)
rCorr    .         Rampage  .   (no ring)
Will     .....                  (no ring)
Stlth    ++........             (no ring)
HPRegen  0.12/turn              (no ring)
MPRegen  0.09/turn              (no ring)
                                (no ring)
                                (no ring)

@: lethally poisoned (-4 -> -20)
A: almost no armour, amphibious, 8 rings, camouflage 1, gelatinous body 1,
(nimble swimmer 1), tentacles
a: no special abilities


You were on level 4 of the Dungeon.
You visited 1 branch of the dungeon, and saw 4 of its levels.

You collected 198 gold pieces.

Inventory:

Hand Weapons
 a - a +0 war axe (weapon)
Missiles
 m - 16 poisoned darts (quivered)
Armour
 b - a +0 kite shield (worn)
Wands
 q - a wand of digging (5)
Scrolls
 d - 2 scrolls of identify {unknown}
 e - a scroll of acquirement {unknown}
 h - a scroll of teleportation {unknown}
 i - a scroll of enchant armour {unknown}
 l - a scroll of torment {unknown}
 p - a scroll of blinking {unknown}
 r - a scroll of summoning {unknown}
Potions
 c - 2 potions of might
 f - a potion of lignification {unknown}
 g - 3 potions of heal wounds {unknown}
 j - 2 potions of haste {unknown}
 k - 2 potions of berserk rage {unknown}
 n - a potion of attraction {unknown}
 o - 2 potions of mutation {unknown}


   Skills:
 - Level 4.1 Fighting
 - Level 3.3 Axes
 * Level 1.8 Throwing
 - Level 3.0 Dodging
 - Level 4.0 Shields


You had 4 spell levels left.
You didn't know any spells.
Your spell library contained the following spells:

 Spells                   Type           Power      Damage    Failure   Level
 Magic Dart               Conj           0%         1d3       83%         1
 Shock                    Conj/Air       0%         1d3       83%         1
 Searing Ray              Conj           0%         3d3       93%         2
 Static Discharge         Conj/Air       0%         N/A       93%         2
 Dazzling Flash           Conj/Hex       0%         N/A       99%         3
 Swiftness                Air            0%         N/A       99%         3
 Airstrike                Air            0%         N/A       100%        4
 Fulminant Prism          Conj/Hex       0%         3d6       100%        4
 Iskenderun's Mystic Bla  Conj/Tloc      0%         2d3       100%        4
 Lightning Bolt           Conj/Air       0%         1d11      100%        5


Dungeon Overview and Level Annotations

Branches:
Dungeon (4/15)
 Temple: D:4-7

Altars:
Wu Jian

Annotations:
D:4 Crazy Yiuf


Innate Abilities, Weirdness & Mutations

You cannot wear most types of armour.
You are amphibious.
You can wear up to eight rings at the same time.
Your skin changes colour to match your surroundings (Stealth+).
Your rubbery body absorbs attacks. (AC +1, EV +1)
((You are camouflaged near water. (Stealth+)))
You have tentacles for arms and can constrict up to eight enemies at once.


Message History

No target in view!
No target in view!
No target in view!
You now have 176 gold pieces (gained 7).
You now have 189 gold pieces (gained 13).
Found a ring mail.
Found a stone staircase leading up.
r - a scroll labelled JORGHI KAISOTS
Found a stone staircase leading up.
No target in view!
No target in view!
No target in view!
No target in view!
No target in view!
There is a stone staircase leading up here.
You now have 198 gold pieces (gained 9).
You see here a +0 chain mail.
You see here a +0 chain mail.
You see here a +0 helmet.
Key pressed, stopping explore.
Found a stone staircase leading down.
m - 16 poisoned darts (gained 12)
Found a mace.
Found a runed translucent door.
Could not explore, unopened runed door.
As you open the door, it creaks loudly!
Crazy Yiuf shouts!
Crazy Yiuf says, "Crazy?
Crazy!?
PORCUPINE!"
There is an open translucent door here.
You hit Crazy Yiuf. You grab Crazy Yiuf.
Crazy Yiuf is lightly wounded.
You constrict Crazy Yiuf, but do no damage.
Crazy Yiuf hits you with a +4 quarterstaff of chaos!
You are lethally poisoned!
You hit Crazy Yiuf but do no damage.
Crazy Yiuf is lightly wounded.
You constrict Crazy Yiuf, but do no damage.
You feel extremely sick.
Crazy Yiuf hits you with a +4 quarterstaff of chaos!
* * * LOW HITPOINT WARNING * * *
Crazy Yiuf burns you.
You die...

....## .....#
##...# .....#
.##..# .##..#
♣♣♣♣♣### .....#
#### ♣♣♣.♣..#.##
.######
#...#♣..♣.P....##
......#
#..g@.♣♣♣♣P.....#
#####.# #)..#♣♣
♣♣P#...#
#####.### ####
♣♣###.#
##......### #..#
##.##.#...# #.##
##.##.##### ###
##.# ......#
#>######..#
##.##.##
#........##
#.#.#..########
#####.####


You could see Crazy Yiuf.

Vanquished Creatures
  Ijyb (D:4)
  Natasha (thrice) (D:2)
  3 adders
  A worm (D:2)
  2 dart slugs (D:1)
  3 endoplasms
  4 giant cockroaches
  7 goblins
  4 hobgoblins
  5 ball pythons
  6 bats
  2 frilled lizards
  5 kobolds
  3 rats
49 creatures vanquished.

Vanquished Creatures (others)
  2 plants (D:1)
2 creatures vanquished.

Grand Total: 51 creatures vanquished

Notes
Turn   | Place    | Note
-------+----------+-------------------------------------------
     0 | D:1      | Zeld the Octopode Fighter began the quest for the Orb.
     0 | D:1      | Reached XP level 1. HP: 16/16 MP: 1/1
     3 | D:1      | You fall into a shaft and drop 1 floor!
    60 | D:2      | Reached XP level 2. HP: 13/21 MP: 2/2
   239 | D:2      | Noticed Natasha
   243 | D:2      | Killed Natasha
   244 | D:2      | Reached XP level 3. HP: 26/26 MP: 3/3
   449 | D:2      | Found an ornate altar of the Wu Jian Council.
   992 | D:1      | Reached XP level 4. HP: 32/33 MP: 4/4
  1110 | D:2      | Noticed Natasha
  1116 | D:2      | Killed Natasha
  1140 | D:2      | Noticed Natasha
  1147 | D:2      | Killed Natasha
  1434 | D:2      | Reached XP level 5. HP: 37/37 MP: 5/5
  1942 | D:3      | Found a faded altar of an unknown god.
  2591 | D:4      | Noticed Ijyb
  2599 | D:4      | Killed Ijyb
  2600 | D:4      | Reached skill level 1 in Throwing
  3416 | D:4      | Found a runed translucent door.
  3417 | D:4      | Noticed Crazy Yiuf
  3466 | D:4      | HP: 1/37 [Crazy Yiuf/+4 quarterstaff of chaos (13)]
  3466 | D:4      | Slain by Crazy Yiuf

Illustrated notes

Levels and vault maps discovered:
D:1:      eino_arrival_water_cross, layout_rooms
D:2:      layout_loops_corners, basic_altar, dk_noncrumbling_2,
          minmay_misc_feat_ornament, minmay_misc_feat_cross, uniq_natasha
D:3:      layout_basic, ebering_ecumenical_altar_rust, grunt_ministairs_3
D:4:      layout_loops_cross, st_stairs_8, minmay_misc_feat_diagonals,
          hangedman_decor_opposing, uniq_ijyb, uniq_crazy_yiuf_cottage

Skill      XL: |  1  2  3  4  5 |
---------------+----------------+-----
Axes           | 3 |  3.3
Fighting       | 4 |  4.1
Shields        | 4 |  4.0
Throwing       | 1 |  1.8
Dodging        | |  3.0

Action                   |  1- 3 |  4- 6 || total
-------------------------+-------+-------++-------
Melee: War axe           |    42 |    55 ||    97
       Constrict         |    11 |    19 ||    30
       Tentacles         |     7 |    14 ||    21
 Stab: Sleeping          |     3 |     2 ||     5
       Distracted        |     2 |       ||     2
Armor: Skin              |     6 |     5 ||    11
Dodge: Dodged            |    17 |    37 ||    54
Block: Kite shield       |    20 |    33 ||    53

Table legend: (Time is in decaauts)
 A = Elapsed time spent in this place.
 B = Non-inter-level travel time spent in this place.
 C = Inter-level travel time spent in this place.
 D = Time resting spent in this place.
 E = Time spent auto-exploring this place.
 F = Levels seen in this place.
 G = Mean time per level.
                   A        B        C        D        E       F      G
               +--------+--------+--------+--------+--------+-----+--------+
         Total |   3529 |   3499 |     30 |      0 |   3106 |   4 |  882.2 |
       Dungeon |   3529 |   3499 |     30 |      0 |   3106 |   4 |  882.2 |
               +--------+--------+--------+--------+--------+-----+--------+

Top non-repeatable levels by time:
     D:2: 1399 daAuts
     D:4: 895 daAuts
     D:3: 662 daAuts
     D:1: 572 daAuts
